 Dungeon Crawl Stone Soup version 0.29-a0-23-ga79f92ac9c (webtiles) character file.

Game seed: 1415979697023998642

1165 HallandMoats the Ruffian (level 8, -4/71 HPs)
             Began as a Ghoul Monk on Jan 31, 2022.
             Was a Priest of Ru.
             Slain by an orc warrior (14 damage)
             ... on level 6 of the Dungeon.
             The game lasted 00:09:14 (6352 turns).

HallandMoats the Ruffian (Ghoul Monk)               Turns: 6352, Time: 00:09:15

Health: -4/71      AC:  6    Str: 23    XL:     8   Next: 40%
Magic:  9/9        EV: 12    Int:  5    God:    Ru [***...]
Gold:   415        SH:  0    Dex: 11    Spells: 7/7 levels left

rFire   + + .      SeeInvis .     - Unarmed
rCold   + + .      Faith    .   (no shield)
rNeg    + + +      Spirit   .   d - +0 ring mail
rPois   ∞          Reflect  .   h - +0 helmet
rElec   .          Harm     .   s - scarf {rC+ rF+}
rCorr   .          Rampage  .   (no gloves)
Will    .....                   (no boots)
Stlth   +.........              (no amulet)
HPRegen 0.00/turn               j - ring of protection from fire
MPRegen 0.11/turn               v - +6 ring of strength

@: inhibited regen
A: claws 1, cold resistance 1, negative energy resistance 3, inhibited
regeneration, torment resistance 2, inability to use devices, no fire magic, no
hexes magic, no translocations magic
a: Renounce Religion, Sacrifice Essence, Sacrifice Words, Sacrifice a Hand,
Reject Sacrifices, Draw Out Power


You were on level 6 of the Dungeon.
You worshipped Ru.
Ru was most pleased with you.
You visited 1 branch of the dungeon, and saw 6 of its levels.

You collected 415 gold pieces.

Inventory:

Armour
 d - a +0 ring mail (worn)
 h - a +0 helmet (worn)
 s - a scarf of resistance (worn)
Jewellery
 j - a ring of protection from fire (left claw)
 v - a +6 ring of strength (right claw)
 z - a ring of fire
Scrolls
 a - 2 scrolls of blinking {unknown}
 e - 2 scrolls of identify {unknown}
 f - 2 scrolls of fog {unknown}
 k - a scroll of teleportation {unknown}
 l - a scroll of enchant armour {unknown}
 m - a scroll of vulnerability {unknown}
 o - a scroll of brand weapon {unknown}
 q - a scroll of immolation {unknown}
 r - 3 scrolls of holy word {unknown}
 y - a scroll of torment {unknown}
 A - a scroll of silence {unknown}
Potions
 b - 2 potions of lignification {unknown}
 c - a potion of might {unknown}
 g - a potion of haste {unknown}
 i - 2 potions of brilliance {unknown}
 n - 2 potions of mutation {unknown}
 p - a potion of magic {unknown}
 t - a potion of flight {unknown}
 u - 2 potions of cancellation {unknown}
 w - a potion of heal wounds {unknown}
 x - a potion of attraction {unknown}


   Skills:
 * Level 6.6 Fighting
 + Level 3.0 Armour
 + Level 4.2 Dodging
 - Level 2.1 Stealth
 * Level 6.6 Unarmed Combat
 + Level 3.6 Invocations


You had 7 spell levels left.
You didn't know any spells.
Your spell library was empty.

Dungeon Overview and Level Annotations

Branches:
Dungeon (6/15)
 Temple: D:4-7

Altars:
Ru

Shops:
D:2 [=(   D:4 [


Innate Abilities, Weirdness & Mutations

You thrive by killing the living.
You are immune to poison.
You have sharp fingernails.
Your flesh is cold resistant. (rC+)
You are immune to negative energy. (rN+++)
You do not regenerate when monsters are visible.
You are immune to unholy pain and torment.
You cannot study or use magical devices.
You cannot study or cast Fire magic.
You cannot study or cast Hexes magic.
You cannot study or cast Translocations magic.


Message History

The howler monkey skeleton closely misses you.
You barely miss the orc wizard.
The orc wizard casts a spell.
The orc wizard flickers and vanishes!
Deactivating autopickup; reactivate with Ctrl-A.
The howler monkey skeleton closely misses you.
You claw the howler monkey skeleton!
The howler monkey skeleton is heavily damaged.
Something hits you but does no damage.
The howler monkey skeleton closely misses you.
You claw the howler monkey skeleton!
The howler monkey skeleton is almost destroyed.
The orc warrior hits you from afar with a +0 trident!
The howler monkey skeleton misses you. Something hits you but does no damage.
The orc shouts!
You claw the howler monkey skeleton!
You destroy the howler monkey skeleton!
The orc warrior hits you but does no damage.
You scratch the shadow imp.
The shadow imp is moderately wounded.
Something hits you. The shadow imp closely misses you.
The orc warrior hits you from afar with a +0 trident!
Unknown command.
You are too injured to fight recklessly!
You are too injured to fight recklessly!
You redirect something's attack!
You hear some strange, mumbled words.
The shadow imp appears confused.
A puff of flame appears from out of thin air!
The puff of flame misses you.
A magic dart appears from out of thin air!
The magic dart hits you!
The shadow imp closely misses something.
The orc warrior hits you from afar with a +0 trident!!
* * * LOW HITPOINT WARNING * * *
You see here 12 gold pieces.
The shadow imp misses something.
There is a stone staircase leading up here.
The orc warrior hits you from afar with a +0 trident!
You die...

.# #..># #. ...... ### .# #...#
#.##.##.######... .# #...######
...[...........#
.######........###.....##.......#
#...............##...#.##.......#
.................<...#..$.......#
#.....[.........##...#.##.).....#
#######...(....###......#(.......
#...######@.o...o.$.......#
#...######.#......#########
#...##...#..#..)..#
#........#.#......# #####
#...##...#.#.##.#.#
....#########.##.#......#
##......(.. #.##.........
...#######.##.############ .#.#
#.......#


You could see an orc warrior and an orc.

Vanquished Creatures
  A water moccasin (D:3)
  An ice beast (D:6)
  A sky beast (D:3)
  An ogre (D:5)
  A centaur (D:6)
  A kobold brigand (D:5)
  A scorpion (D:6)
  A water moccasin zombie (D:5)
  2 wights
  A centaur zombie (D:6)
  2 jellies
  2 iguanas (D:6)
  Jessica (D:3)
  2 bullfrog skeletons (D:5)
  Terence (D:2)
  A hound skeleton (D:3)
  Robin (D:2)
  4 gnolls (D:6)
  A howler monkey skeleton (D:6)
  7 adders
  A white imp (D:6)
  An ufetubus (D:5)
  An adder skeleton (D:4)
  2 worms
  6 dart slugs
  4 orcs
  3 ball pythons
  6 bats
  2 endoplasms (D:1)
  5 giant cockroaches
  12 goblins
  10 hobgoblins
  3 jackals (D:1)
  11 kobolds
  A quokka (D:5)
  A frilled lizard (D:2)
  7 rats
109 creatures vanquished.

Vanquished Creatures (others)
  A kobold (D:1)
1 creature vanquished.

Grand Total: 110 creatures vanquished

Notes
Turn   | Place    | Note
-------+----------+-------------------------------------------
     0 | D:1      | HallandMoats the Ghoul Monk began the quest for the Orb.
     0 | D:1      | Reached XP level 1. HP: 19/19 MP: 0/0
    67 | D:1      | Found a faded altar of an unknown god.
    76 | D:1      | Prayed at the altar of an unknown god.
    76 | D:1      | Became a worshipper of Ru the Awakened
    87 | D:1      | Gained mutation: You cannot study or cast Fire magic. [Ru
                  | sacrifice]
    87 | D:1      | Gained mutation: You cannot study or cast Hexes magic. [Ru
                  | sacrifice]
    87 | D:1      | Gained mutation: You cannot study or cast Translocations
                  | magic. [Ru sacrifice]
    87 | D:1      | Reached * piety under Ru
   298 | D:1      | Reached XP level 2. HP: 22/26 MP: 1/1
   734 | D:1      | Reached XP level 3. HP: 33/33 MP: 2/2
  1191 | D:2      | Found Tuocw's Armour Emporium.
  1311 | D:2      | Found Efacwesa's Jewellery Shoppe.
  1318 | D:2      | Found Ekodinoz's Weapon Boutique.
  1405 | D:2      | You fall into a shaft and drop 1 floor!
  1456 | D:2      | Reached skill level 1 in Invocations
  1519 | D:2      | Noticed Terence
  1532 | D:2      | Killed Terence
  1533 | D:2      | Reached skill level 1 in Armour
  1533 | D:2      | Reached XP level 4. HP: 18/40 MP: 3/3
  1725 | D:2      | Noticed Robin
  1745 | D:2      | Killed Robin
  2667 | D:3      | Noticed a sky beast
  2689 | D:3      | Killed a sky beast
  2690 | D:3      | Reached XP level 5. HP: 27/47 MP: 3/5
  3099 | D:3      | Gained mutation: You cannot study or use magical devices.
                  | [Ru sacrifice]
  3099 | D:3      | Reached ** piety under Ru
  3099 | D:3      | Reached *** piety under Ru
  3124 | D:3      | Noticed Jessica
  3133 | D:3      | Killed Jessica
  3134 | D:3      | Reached XP level 6. HP: 29/53 MP: 6/6
  3268 | D:3      | Noticed a water moccasin
  3275 | D:3      | Killed a water moccasin
  3276 | D:3      | Reached skill level 5 in Unarmed Combat
  3554 | D:4      | Reached skill level 5 in Fighting
  3598 | D:4      | Found Quecsej's Armour Shoppe.
  4367 | D:5      | Entered Level 5 of the Dungeon
  4462 | D:5      | Reached XP level 7. HP: 51/61 MP: 7/7
  5175 | D:6      | Reached XP level 8. HP: 56/70 MP: 9/9
  6352 | D:6      | Slain by an orc warrior

Illustrated notes

Levels and vault maps discovered:
D:1:      eino_arrival_cavern_a, layout_basic,
          chequers_ecumenical_altar_simple_redux, kennysheep_small_spiral,
          amcnicky_mini_pool_small
D:2:      layout_loops_corners, serial_shops, shop, shop, nicolae_square_shop,
          serial_bayou_lake_a, uniq_robin, uniq_terence
D:3:      layout_loops_cross, serial_glass, glass_columns_b, glass_columns_c,
          uniq_jessica
D:4:      layout_loops_corners, serial_shops, nicolae_shop_trees
D:5:      cheibrodos_thug_alley, layout_basic, hangedman_decor_slide_cut
D:6:      layout_loops_cross

Skill      XL: |  1  2  3  4  5  6  7  8 |
---------------+-------------------------+-----
Unarmed Combat | 4 5 6 |  6.6
Invocations    | 1 2 3 |  3.6
Fighting       | 4 5 6 |  6.6
Armour         | 1 2 3 |  3.0
Dodging        | 3 4 |  4.2
Stealth        | |  2.1

Action                   |  1- 3 |  4- 6 |  7- 9 || total
-------------------------+-------+-------+-------++-------
Melee: Unarmed           |    98 |   141 |   150 ||   389
       Punch             |     1 |     4 |     8 ||    13
Invok: Sacrifice Arcana  |     1 |       |       ||     1
       Sacrifice Artific |       |     1 |       ||     1
 Stab: Sleeping          |     3 |     2 |       ||     5
       Invisible         |       |     3 |       ||     3
Armor: Robe              |    11 |       |       ||    11
       Ring mail         |    17 |    41 |    42 ||   100
Dodge: Dodged            |    55 |    66 |   103 ||   224

Table legend: (Time is in decaauts)
 A = Elapsed time spent in this place.
 B = Non-inter-level travel time spent in this place.
 C = Inter-level travel time spent in this place.
 D = Time resting spent in this place.
 E = Time spent auto-exploring this place.
 F = Levels seen in this place.
 G = Mean time per level.
                   A        B        C        D        E       F      G
               +--------+--------+--------+--------+--------+-----+--------+
         Total |   6366 |   6224 |    142 |    505 |   4718 |   6 | 1061.0 |
       Dungeon |   6366 |   6224 |    142 |    505 |   4718 |   6 | 1061.0 |
               +--------+--------+--------+--------+--------+-----+--------+

Top non-repeatable levels by time:
     D:2: 1473 daAuts
     D:1: 1181 daAuts
     D:6: 1062 daAuts
     D:3: 924 daAuts
     D:5: 913 daAuts
     D:4: 813 daAuts
